Map: 永恒梦境-天梯版

Players

JieShi - Winner!

  • Race: Protoss Protoss
  • League: Master

Silky

  • Race: Zerg Zerg
  • League: Master

Event: DreamHack SC2 Masters 2020 Fall

VOD

Have the link to the VOD?

Description

Time

  • Played on: Sept. 2, 2020, 9:18 a.m.
  • Length: 12:39

All games in this series

Show
View Real Time Build Order
Export as new Build Order

JieShi Protoss - Winner!

Build Orders: 1 Gate Expand, Oracle Opening, Archon Immortal, Archon Drop 

Get SALT Encoding   

  12  0:00  Probe  
  13  0:12  Probe  
  14  0:17  Pylon  
  14  0:24  Probe (Chrono Boost)  
  15  0:36  Probe (Chrono Boost)  
  15  0:38  Gateway  
  16  0:44  Probe (Chrono Boost)  
  16  0:46  Assimilator  
  17  0:51  Probe  
  18  1:03  Probe  
  19  1:15  Probe  
  20  1:22  Nexus  
  20  1:32  Cybernetics Core  
  20  1:34  Probe  
  20  1:39  Assimilator  
  21  1:46  Probe  
  22  1:49  Pylon  
  22  1:59  Probe  
  23  2:11  Stargate, Adept (Chrono Boost), Probe  
  26  2:21  Warp Gate  
  26  2:23  Probe  
  27  2:33  Adept  
  27  2:34  Probe (Chrono Boost)  
  31  2:40  Probe (Chrono Boost)  
  32  2:45  Probe (Chrono Boost)  
  32  2:49  Probe x2 (Chrono Boost)  
  33  2:53  Oracle (Chrono Boost)  
  37  2:59  Probe  
  37  3:01  Probe  
  37  3:02  Pylon  
  39  3:11  Probe  
  39  3:12  Gateway  
  39  3:13  Probe  
  39  3:17  Shield Battery  
  40  3:21  Adept  
  40  3:25  Void Ray (Chrono Boost), Probe  
  40  3:26  Probe  
  48  3:38  Probe  
  48  3:39  Probe  
  50  3:46  Pylon  
  50  3:50  Probe  
  50  3:51  Probe  
  52  3:57  Assimilator  
  52  3:59  Robotics Facility, Assimilator  
  52  4:02  Probe  
  53  4:03  Probe  
  53  4:04  Pylon  
  54  4:16  Probe  
  55  4:17  Probe  
  55  4:18  Twilight Council  
  56  4:28  Probe  
  56  4:29  Gateway x2, Probe  
  56  4:31  Zealot  
  60  4:33  Zealot  
  62  4:44  Warp Prism (Chrono Boost)  
  62  4:50  Pylon  
  64  4:57  Templar Archives  
  64  5:01  Pylon  
  64  5:12  Probe  
  64  5:24  Nexus  
  64  5:28  Forge  
  64  5:31  Shield Battery  
  64  5:32  Probe x2  
  66  5:38  High Templar  
  66  5:39  High Templar x3  
  66  5:41  Observer  
  75  5:44  Archon  
  75  5:45  Archon  
  77  5:50  Probe x2  
  77  5:54  Gateway  
  77  5:56  Gateway, Pylon  
  77  5:59  Protoss Ground Weapons Level 1 (Chrono Boost), Gateway, Charge (Chrono Boost)  
  77  6:00  Gateway  
  77  6:02  Probe x2  
  79  6:14  Probe x2  
  79  6:15  Immortal (Chrono Boost)  
  85  6:29  Probe x2  
  85  6:48  Immortal (Chrono Boost)  
  89  7:00  Probe x3  
  90  7:02  Assimilator, Sentry x3  
  90  7:05  Sentry, Pylon  
  90  7:06  Zealot  
  90  7:07  Zealot x3, Assimilator  
  90  7:08  Photon Cannon  
  106  7:10  Pylon  
  106  7:18  Immortal (Chrono Boost)  
  106  7:20  Probe  
  106  7:21  Probe  
  108  7:24  Pylon  
  108  7:27  Pylon  
  112  7:32  Zealot, High Templar x2  
  112  7:33  Zealot x3  
  124  7:38  Archon  
  124  7:39  Probe, Pylon  
  124  7:41  Pylon  
  124  7:42  Probe x2  
  127  7:44  Pylon  
  127  7:48  High Templar  
  127  7:49  High Templar  
  127  7:50  Immortal (Chrono Boost)  
  131  7:55  Zealot  
  131  7:57  Probe, Archon  
  131  7:58  Probe x2  
  140  8:01  Pylon  
  140  8:06  Zealot x2  
  144  8:19  Immortal (Chrono Boost)  
  148  8:29  Psionic Storm  
  148  8:35  Zealot x6  
  148  8:36  Zealot x2  
  148  8:38  Protoss Ground Weapons Level 2 (Chrono Boost)  
  154  8:51  Immortal (Chrono Boost)  
  130  9:00  Zealot x3, High Templar x3  
  126  9:13  Probe  
  127  9:17  High Templar x2  
  127  9:20  Observer  
  127  9:23  High Templar, Nexus  
  127  9:24  Zealot x2, Pylon  
  135  9:32  Zealot, Photon Cannon  
  135  9:33  Zealot, Shield Battery  
  139  9:40  Photon Cannon  
  139  9:41  Immortal (Chrono Boost)  
  143  9:47  High Templar x2  
  143  9:48  Pylon  
  143  9:49  Zealot  
  143  9:50  Zealot  
  143  9:52  Archon  
  151  9:59  Zealot x3  
  157  10:03  Oracle (Chrono Boost)  
  160  10:11  Zealot x2  
  162  10:18  Zealot  
  162  10:23  Zealot x2  
  162  10:24  Zealot x2  
  159  10:30  Immortal  
  147  10:40  High Templar  
  147  10:41  High Templar x2  
  149  10:44  Zealot x2, Photon Cannon  
  149  10:45  Zealot, Archon  
  149  10:46  Shield Battery  
  155  10:51  High Templar x2  
  155  10:56  Probe, Archon  
  150  11:07  Zealot x2  
  150  11:08  Zealot  
  156  11:17  Zealot x3  
  162  11:20  Immortal  
  162  11:24  Zealot x2  
  156  11:39  Stalker x4  
  152  11:40  Stalker  
  150  11:48  Zealot x3  
  135  12:02  High Templar  
  135  12:03  High Templar x3  
  135  12:04  Stalker  
  135  12:07  Archon x2  
  136  12:11  Unknown, Photon Cannon  
  136  12:12  Photon Cannon  
  136  12:13  Photon Cannon x2  
  127  12:16  Photon Cannon x2  
  127  12:19  Shield Battery  
  117  12:28  Stalker  
  117  12:29  Stalker x2  
Show
View Real Time Build Order
Export as new Build Order

Silky Zerg 

Build Orders: Hatch First 

Get SALT Encoding   

  12  0:00  Drone  
  13  0:12  Overlord  
  13  0:16  Drone  
  14  0:31  Drone x2  
  14  0:34  Drone  
  17  0:51  Hatchery  
  17  0:54  Drone  
  17  0:57  Drone  
  18  1:05  Extractor  
  17  1:12  Spawning Pool  
  17  1:15  Drone  
  18  1:18  Drone  
  18  1:28  Drone  
  19  1:38  Drone  
  20  1:46  Hatchery  
  19  1:51  Drone  
  20  2:01  Zergling x2  
  21  2:03  Drone  
  21  2:07  Metabolic Boost  
  22  2:12  Queen  
  24  2:21  Queen  
  26  2:27  Overlord  
  26  2:30  Drone  
  26  2:32  Zergling x2  
  28  2:46  Zergling x4  
  28  2:47  Drone x3  
  33  2:54  Queen  
  35  3:00  Overlord  
  35  3:01  Drone  
  36  3:09  Drone x4  
  39  3:16  Drone  
  40  3:21  Queen  
  40  3:25  Overlord  
  42  3:27  Drone x2  
  42  3:33  Drone x3  
  47  3:35  Drone  
  47  3:37  Drone  
  49  3:41  Overlord  
  49  3:45  Spore Crawler  
  46  3:49  Spore Crawler  
  46  3:51  Drone  
  46  3:52  Spore Crawler  
  46  3:54  Drone  
  46  3:56  Drone  
  46  3:58  Drone  
  46  4:02  Overlord  
  48  4:03  Drone  
  48  4:05  Drone  
  48  4:08  Drone  
  48  4:09  Drone  
  52  4:12  Drone  
  52  4:13  Drone x2  
  52  4:15  Drone x2  
  57  4:20  Overlord  
  57  4:21  Drone x2  
  59  4:25  Drone  
  60  4:32  Extractor  
  60  4:33  Extractor  
  60  4:34  Roach Warren  
  60  4:35  Lair  
  60  4:36  Drone x2  
  60  4:37  Drone  
  60  4:41  Drone  
  60  4:42  Overlord  
  60  4:43  Drone  
  60  4:45  Drone  
  63  4:51  Drone  
  63  4:52  Drone x4  
  68  4:55  Zergling x2  
  68  4:59  Zergling x6  
  71  5:07  Drone x5  
  70  5:13  Overlord  
  74  5:16  Roach x3  
  79  5:22  Roach  
  79  5:23  Extractor  
  79  5:24  Evolution Chamber  
  79  5:25  Roach, Overlord  
  79  5:26  Overlord x2  
  81  5:30  Overlord  
  81  5:33  Roach  
  83  5:36  Glial Reconstitution  
  83  5:38  Roach x3  
  89  5:47  Roach x6  
  99  5:51  Drone x2  
  99  5:54  Extractor  
  101  5:57  Drone x4  
  101  5:58  Hydralisk Den  
  103  6:06  Overseer  
  103  6:10  Drone x4  
  107  6:12  Drone x2, Extractor  
  107  6:15  Zerg Missile Weapons Level 1  
  107  6:16  Roach  
  110  6:20  Hatchery  
  110  6:22  Roach  
  111  6:27  Roach  
  111  6:31  Roach  
  109  6:37  Overlord x2  
  105  6:44  Hydralisk x3  
  111  6:47  Hydralisk  
  111  6:50  Hatchery  
  110  6:54  Hydralisk  
  110  6:57  Drone  
  110  6:58  Drone x2  
  115  7:04  Drone  
  115  7:05  Drone x2  
  115  7:06  Grooved Spines, Hydralisk x2  
  122  7:09  Hydralisk  
  122  7:13  Overseer x2  
  124  7:15  Overlord  
  124  7:16  Hydralisk  
  124  7:21  Overlord  
  126  7:23  Hydralisk  
  126  7:25  Overlord  
  128  7:32  Ravager, Overlord  
  129  7:37  Hydralisk  
  129  7:38  Hydralisk x2  
  129  7:42  Drone x2  
  137  7:45  Ravager x4  
  137  7:50  Hydralisk x2  
  145  7:55  Hydralisk  
  145  7:56  Hydralisk  
  149  7:58  Drone  
  149  7:59  Drone x4  
  149  8:00  Unknown  
  149  8:03  Hydralisk  
  149  8:04  Hydralisk  
  157  8:08  Hydralisk  
  157  8:11  Hydralisk x2  
  163  8:14  Drone x3  
  163  8:15  Hydralisk  
  168  8:25  Overlord x2  
  168  8:30  Zerg Missile Weapons Level 2  
  168  8:35  Overlord  
  159  8:49  Roach x10  
  159  8:55  Hydralisk  
  166  8:59  Hydralisk  
  166  9:00  Hydralisk x2  
  169  9:04  Zergling x2  
  169  9:08  Overlord  
  169  9:09  Spire  
  169  9:11  Hatchery  
  168  9:20  Overlord x4  
  168  9:28  Hatchery  
  168  9:31  Drone x2, Lurker Den  
  168  9:35  Zergling x18  
  178  9:44  Zergling x10  
  178  9:45  Overseer  
  183  9:55  Drone x2  
  185  10:01  Zergling x2  
  185  10:03  Overlord  
  185  10:06  Zergling x2  
  186  10:14  Zergling x2  
  186  10:20  Drone  
  186  10:21  Drone x3  
  170  10:33  Mutalisk x12  
  172  10:39  Mutalisk x3  
  172  10:42  Roach x3  
  184  10:46  Roach x3  
  184  10:49  Roach  
  188  10:53  Roach  
  188  10:56  Roach  
  188  10:57  Roach x4  
  197  11:05  Roach  
  198  11:16  Ravager x6  
  199  11:19  Hatchery  
  199  11:21  Spine Crawler x2  
  199  11:22  Spine Crawler  
  199  11:23  Spine Crawler  
  162  11:33  Hydralisk x6  
  162  11:37  Hydralisk x2  
  162  11:42  Hydralisk  
  162  11:46  Hydralisk  
  137  11:51  Roach x2  
  137  11:52  Zergling x4  
  142  11:59  Roach  
  124  12:04  Roach x3  
  124  12:05  Hydralisk  
  124  12:06  Hydralisk  
  128  12:13  Hydralisk x3  

Tags
 
Add a new tag
Caveats
  • Supply blocks, unpowered buildings, or Contaminate may cause inaccurate times.
  • Supply counts are checked every 10 seconds.